 Dungeon Crawl Stone Soup version 0.20-a0-1033-g05abe66 (webtiles) character file.

74 M4edhros the Grave Robber (level 4, -3/27 HPs)
             Began as an Octopode Necromancer on Apr 21, 2017.
             Slain by a centaur (7 damage)
             ... on level 4 of the Dungeon.
             The game lasted 00:04:23 (833 turns).

M4edhros the Grave Robber (Octopode Necromancer)     Turns: 833, Time: 00:04:24

Health: -3/27      AC:  1    Str:  7    XL:     4   Next: 30%
Magic:  7/7        EV: 13    Int: 17    God:
Gold:   85         SH:  0    Dex: 13    Spells: 1/7 levels left

rFire    . . .     SeeInvis .   i - -2 mace (curse)
rCold    . . .     Gourm    .   (no shield)
rNeg     . . .     Faith    .   (helmet restricted)
rPois    .         Spirit   .   (no amulet)
rElec    .         Reflect  .   (no ring)
rCorr    .         Harm     .   (no ring)
MR       .....                  (no ring)
Stlth    +++.......             (no ring)
Regen    0.1/turn               (no ring)
MPRegen  0.1/turn               (no ring)
                                (no ring)
                                (no ring)

@: no status effects
A: almost no armour, stealthy swim, amphibious, 8 rings, constrict 8, camouflage
1, gelatinous body 1
a: no special abilities


You were on level 4 of the Dungeon.
You were not hungry.

You visited 1 branch of the dungeon, and saw 4 of its levels.

You collected 85 gold pieces.

Inventory:

Hand Weapons
 i - a cursed -2 mace (weapon)
Scrolls
 d - a scroll of fog
 g - a scroll of enchant weapon
 j - a scroll of amnesia {unknown}
 l - a scroll of recharging
 m - a scroll of teleportation
 n - a scroll of identify
 o - 2 scrolls of remove curse {unknown}
 p - a scroll of blinking {unknown}
Potions
 e - a potion of curing
Books
 a - a book of Necromancy

   Spells                             Type                      Level
   a - Pain                           Necromancy                   1
   b - Animate Skeleton               Necromancy                   1
   c - Vampiric Draining              Necromancy                   3
   d - Regeneration                   Charms/Necromancy            3
   e - Animate Dead                   Necromancy                   4
   f - Control Undead                 Necromancy                   4
 q - Sif Muna's Tome of Contamination
   (You found it on level 4 of the Dungeon)

   Spells                             Type                      Level
   a - Sting                          Conjuration/Poison           1
Comestibles
 b - 2 bread rations
 c - 5 chunks of flesh
 f - a royal jelly
 h - 3 meat rations


   Skills:
 - Level 2.0 Dodging
 - Level 2.6 Stealth
 + Level 3.8 Unarmed Combat
 - Level 2.0 Spellcasting
 - Level 4.0 Necromancy


You had one spell level left.
You knew the following spells:

 Your Spells              Type           Power        Failure   Level  Hunger
a - Sting                 Conj/Pois      #...         19%         1    #......
b - Animate Skeleton      Necr           N/A          3%          1    #......
c - Regeneration          Chrm/Necr      #.........   26%         3    ###....
d - Pain                  Necr           ###.         3%          1    #......


Dungeon Overview and Level Annotations

Branches:
Dungeon (4/15)
 Temple: D:4-7

Altars:
Sif Muna
Wu Jian


Innate Abilities, Weirdness & Mutations

You cannot wear most types of armour.
You are very stealthy in the water. (Stealth+)
You are amphibious.
You can wear up to eight rings at the same time.
You can use your tentacles to constrict eight enemies at once.
Your skin changes colour to match your surroundings (Stealth+).
Your rubbery body absorbs attacks. (AC +1, EV +1)


Message History

You feel strangely unstable.
You constrict the orc.
You kill the orc!
You constrict the orc. The orc hits you with a short sword.
* * * LOW HITPOINT WARNING * * *
The orc hits you with a whip.
* * * LOW HITPOINT WARNING * * *
Unknown command.
You release your grip on the orc.
Your surroundings suddenly seem different.
Found 6 gold pieces. 4 gnolls come into view.
The gnoll shouts! x2
The gnoll shouts!
You see here a worker ant corpse.
Some of the chunks of flesh in your inventory have rotted away.
A centaur comes into view. It is wielding a shortbow.
The centaur shouts!
The centaur unwields an uncursed shortbow.
The centaur hits you!
You die...

#....##...###.#####....
#....##...##...........
##..g###'###...gg......
#...#.8.8.#...........
#..g#.._..#.......####
#...##...##.......# #
#..g###.##........# #
#...###...........####
#....@c#..............
#...##.#..............
#...........#.########
#.#..#.###...........
#.##.#.# #.##.########
#. #.#.# #.#...)......
#. .#.# #.###########
#. .#.# #.. #...<#
#.#..#


You could see a centaur.

Vanquished Creatures
  A worker ant (D:4)
  An ooze (D:2)
  2 dart slugs (D:2)
  3 orcs (D:4)
  A giant cockroach (D:2)
  4 goblins
  A hobgoblin (D:2)
  3 jackals (D:1)
  3 kobolds
  3 quokkas
  A ball python (D:4)
  3 bats
  2 frilled lizards (D:1)
  A leopard gecko skeleton (D:4)
  5 rats
34 creatures vanquished.

Vanquished Creatures (collateral kills)
  A bat (D:1)
  A frilled lizard (D:2)
2 creatures vanquished.

Vanquished Creatures (others)
  2 orc wizards (D:4)
2 creatures vanquished.

Grand Total: 38 creatures vanquished

Notes
Turn   | Place    | Note
-------+----------+-------------------------------------------
     0 | D:1      | M4edhros the Octopode Necromancer began the quest for the Orb.
     0 | D:1      | Reached XP level 1. HP: 11/11 MP: 3/3
    12 | D:1      | Learned a level 1 spell: Animate Skeleton
    36 | D:1      | Reached skill level 1 in Unarmed Combat
    90 | D:1      | Reached XP level 2. HP: 13/17 MP: 3/5
   412 | D:2      | Reached XP level 3. HP: 4/21 MP: 0/6
   417 | D:2      | Learned a level 3 spell: Regeneration
   460 | D:2      | Found an ornate altar of the Wu Jian Council.
   654 | D:4      | Found a deep blue altar of Sif Muna.
   680 | D:4      | Identified Sif Muna's Tome of Contamination
   686 | D:4      | Learned a level 1 spell: Sting
   743 | D:4      | Reached XP level 4. HP: 17/27 MP: 4/7
   795 | D:4      | HP: 1/27 [orc/whip (6)]
   833 | D:4      | Noticed a centaur
   833 | D:4      | Slain by a centaur

Vault maps used:
D:1:      dpeg_arrival_radiant, minmay_split_cup_small
D:2:      gammafunk_temple_overflow_wave, lemuel_crystal_altar
D:3:      grunt_temple_overflow_open, first_bread, grunt_ministairs_1,
          supply_closet_lemuel
D:4:      led_sif_book, minmay_temple_entry_glass

Skill      XL: |  1  2  3 |
---------------+----------+-----
Unarmed Combat | 1 2 3 |  3.8
Dodging        | |  2.0
Stealth        | |  2.6
Spellcasting   | |  2.0
Necromancy     | |  4.0

Action                   |  1- 3 |  4- 6 || total
-------------------------+-------+-------++-------
Melee: Unarmed           |    31 |       ||    31
       Constrict         |    16 |     2 ||    18
       Tentacles         |     6 |       ||     6
       Mace              |    25 |     6 ||    31
       Punch             |     1 |       ||     1
 Cast: Pain              |    13 |       ||    13
       Animate Skeleton  |     6 |     2 ||     8
       Regeneration      |     4 |       ||     4
       Sting             |     2 |       ||     2
  Use: Scroll            |     4 |     1 ||     5
       Potion            |     1 |     1 ||     2
 Stab: Sleeping          |     6 |       ||     6
       Distracted        |     1 |       ||     1
  Eat: Chunk             |       |     1 ||     1
Armor: Skin              |     8 |       ||     8
Dodge: Dodged            |    41 |     9 ||    50
